 Dungeon Crawl Stone Soup version 0.30.0-10-gfe55d96785 (webtiles) character file.

Game seed: 4661045380760346204

109729 Foic the Wrestler (level 16, -3/228 HPs)
             Began as a Troll Berserker on May 14, 2023.
             Was a High Priest of Trog.
             Slain by a salamander
             ... wielding a +3 halberd of distortion
              (14 damage)
             ... on level 2 of the Snake Pit on May 15, 2023.
             The game lasted 02:10:04 (23658 turns).

Foic the Wrestler (Troll Berserker)                Turns: 23658, Time: 02:10:04

Health: -3/228     AC: 15    Str: 39    XL:     16   Next: 5%
Magic:  24/24      EV: 18    Int:  3    God:    Trog [*****.]
Gold:   1937       SH:  0    Dex: 19    Spells: 15/15 levels left

rFire   . .          .
                       - Unarmed
rCold   . . .        (no shield)
rNeg    . . .        V - +0 troll leather armour
rPois   +            d - +3 hat of the Harp {Fly rPois MP+9}
rElec   .            B - +2 cloak
rCorr   .            (gloves unavailable)
SInv    .            (boots unavailable)
Will    +++..        z - amulet of regeneration Stlth
                     h - +6 ring of strength
HPRegen 3.98/turn    q - +6 ring of dexterity
MPRegen 0.19/turn

%: no passive effects
@: berserking, strong-willed, flying, regenerating, studying Fighting, very
quick
A: large, unfitting armour, claws 3, regeneration 1, shaggy fur 1, tough skin 1,
iridescent scales 1, thin skeletal structure 1
a: Renounce Religion, Berserk, Trog's Hand, Brothers in Arms


You were on level 2 of the Snake Pit.
You worshipped Trog.
Trog was extremely pleased with you.
You visited 6 branches of the dungeon, and saw 25 of its levels.
You also visited: Bailey.

You collected 2192 gold pieces.
You spent 255 gold pieces at shops.

Inventory:

Missiles
 s - 5 atropa-tipped darts
 t - 14 boomerangs (quivered)
 x - a throwing net
 y - 46 poisoned darts
 A - 7 curare-tipped darts
 E - 58 stones
 J - 2 datura-tipped darts
 K - 7 javelins
 Q - 29 large rocks
Armour
 d - the +3 hat of the Harp (worn) {Fly rPois MP+9}
   (You found it on level 3 of the Lair of Beasts)

   rPois:     It protects you from poison.
   MP:        It affects your magic capacity (+9).
   Fly:       It grants you flight.
 B - a +2 cloak (worn)
 V - a +0 troll leather armour (worn)
Jewellery
 a - a ring of protection from fire
 h - a +6 ring of strength (left claw)
 q - a +6 ring of dexterity (right claw)
 z - an amulet of regeneration (around neck)
 G - a ring of resist corrosion
 P - an amulet of the acrobat
 U - a ring of fire
Wands
 m - a wand of quicksilver (5)
 o - a wand of flame (51)
 C - a wand of charming (6)
 L - a wand of roots (14)
 Z - a wand of mindburst (6)
Scrolls
 c - 7 scrolls of magic mapping
 e - 5 scrolls of blinking
 g - 7 scrolls of enchant armour
 i - 7 scrolls of identify
 k - 7 scrolls of teleportation
 p - a scroll of silence {unknown}
 r - 2 scrolls of acquirement
 v - 4 scrolls of poison
 w - 4 scrolls of butterflies
 D - 3 scrolls of fog
 O - 5 scrolls of enchant weapon
 X - 3 scrolls of vulnerability {unknown}
 Y - a scroll of fear {unknown}
Potions
 b - 2 potions of haste
 f - 4 potions of heal wounds
 j - 12 potions of curing
 l - a potion of flight
 n - a potion of berserk rage
 u - 3 potions of might
 H - 2 potions of mutation
 I - a potion of cancellation
 M - 2 potions of ambrosia
Miscellaneous
 F - a phial of floods
 N - a box of beasts
 R - a tin of tremorstones (2/2)
 T - a lightning rod (4/4)


   Skills:
 + Level 8.2 Fighting
 + Level 9.7 Throwing
 + Level 4.4 Armour
 * Level 14.0 Dodging
 + Level 21.6 Unarmed Combat


You had 15 spell levels left.
You didn't know any spells.
Your spell library was empty.

Dungeon Overview and Level Annotations

Branches:
Dungeon (14/15)            Temple (1/1) D:7            Lair (5/5) D:10
 Shoals (0/4) Lair:3        Snake (2/4) Lair:3        Slime (1/5) Lair:4
    Orc (2/2) D:12            Elf (0/3) Orc:2        Vaults (0/5) D:13
 Bailey (visited)

Altars:
Ashenzari
Cheibriados
Dithmenos
Elyvilon
Fedhas
Gozag
Hepliaklqana
Kikubaaqudgha
Makhleb
Nemelex Xobeh
Okawaru
Qazlal
Ru
Sif Muna
Trog
Uskayaw
Vehumet
Wu Jian
Xom
Yredelemnul
Zin
The Shining One

Shops:
D:8 *   D:10 [   Orc:2 *(:[[   Snake:1 *

Annotations:
D:10 2 transporters, hofbold's ghost, journeyman MiHu
D:14 Roxanne


Innate Abilities, Weirdness & Mutations

You are too large for most types of armour.
You have claws for hands.
Your natural rate of healing is unusually fast.
You are covered in fur. (AC +1)
You have tough skin. (AC +1)
You are partially covered in iridescent scales. (AC +2)
You have a somewhat thin skeletal structure. (Dex +2, Stealth+)


Message History

The salamander mystic is moderately wounded.
The salamander hits you but does no damage.
You eviscerate the salamander mystic!!!
You kill the salamander mystic!
Trog accepts your kill.
Trog appreciates your killing of a magic user.
Trog grants you a weapon! Something appears at your feet!
You see here a +2 heavy halberd.
The salamander hits you from afar with a +1 spear.
You are engulfed in flames!
The salamander hits you from afar with a +3 halberd of distortion!
You are engulfed in flames!
Space warps horribly around you!!
Your skin crawls.
You feel strong-willed. The salamander barely misses you.
The salamander hits you from afar with a +3 halberd of distortion.
You are engulfed in flames!
* * * LOW HITPOINT WARNING * * *
The salamander misses you.
A red film seems to cover your vision as you go berserk!
You feel yourself moving faster!
You feel mighty! The salamander barely misses you.
The salamander hits you but does no damage.
The salamander hits you from afar with a +3 halberd of distortion.
* * * LOW HITPOINT WARNING * * *
You are engulfed in flames!
* * * LOW HITPOINT WARNING * * *
Space warps around you.
* * * LOW HITPOINT WARNING * * *
You feel a strong urge to attack something.
The salamander hits you with a +1 spear!
* * * LOW HITPOINT WARNING * * *
You are engulfed in flames!
* * * LOW HITPOINT WARNING * * *
The salamander hits you with a +3 halberd of distortion!
* * * LOW HITPOINT WARNING * * *
You are engulfed in flames!
* * * LOW HITPOINT WARNING * * *
Space warps horribly around you!
You die...

#........)## #.
#.........## #.
###.##.....#####.
##.##.)##.....#.
##..##..######.#.
##..###..# ..
#..## #..# ..
#)## #..# ##@#
#..# #NN# ...#
##.# ##.# #[# #.#
#†# #.# #.# #.#


You could see 2 salamanders.

Vanquished Creatures
  Rupert (D:13)
  Frances (D:12)
  2 orc warlords (Orc:2)
  A quicksilver ooze (Slime:1)
  Snorg (D:14)
  Josephine (D:14)
  3 vault guards
  2 hydras
  A death knight (D:13)
  4 anacondas (Snake:1)
  2 catoblepae (Lair:5)
  5 two-headed ogres
  3 boulder beetles
  5 centaur warriors
  3 naga warriors (Snake:1)
  A tengu warrior (D:13)
  7 shock serpents
  An orc high priest (Orc:2)
  3 naga sharpshooters (Snake:1)
  4 skysharks
  2 salamander mystics
  2 naga ritualists (Snake:1)
  3 wizards (D:13)
  4 orc knights
  A lindwurm (Lair:5)
  The ghost of Jarnaxa the Fighter, a novice DsMo of Makhleb (D:6)
  Pikel (D:7)
  2 necromancers (D:13)
  2 deep elf pyromancers
  3 manticores (D:14)
  10 ugly things
  5 mana vipers
  5 orc sorcerers
  7 elephants
  6 salamanders
  8 cyclopes
  A merfolk siren (Lair:3)
  14 black mambas
  3 guardian serpents (Snake:1)
  4 naga magi
  12 cane toads
  An unseen horror (D:12)
  4 gargoyles
  A torpor snail (Lair:1)
  5 komodo dragons
  7 kobold demonologists
  A tengu conjurer (D:14)
  4 rime drakes
  6 trolls
  A meliai (D:14)
  4 polar bears (Lair:5)
  A merfolk (Lair:3)
  A wolf spider simulacrum (D:14)
  5 hornets
  Prince Ribbit (Bailey)
  10 blink frogs (Lair:5)
  3 dream sheep (Lair:5)
  5 slime creatures
  12 spriggans (Lair:5)
  Sigmund (D:5)
  3 wraiths
  45 yaks
  3 shadows
  2 vampires
  4 wyverns
  4 hogs (D:8)
  25 humans
  Grum (D:8)
  4 basilisks
  8 vampire mosquitoes
  6 wargs
  A steam dragon (D:6)
  2 acid dragons
  14 nagas
  9 water moccasins
  A floating eye (D:14)
  Duvessa (D:4)
  29 orc warriors
  3 ice beasts
  3 sky beasts (D:6)
  4 ogres
  3 black bears (Lair:5)
  21 wolves
  5 centaurs
  3 boggarts (Lair:5)
  2 lemures (D:7)
  7 kobold brigands
  Blork the orc (Orc:2)
  13 bullfrogs
  A scorpion (D:7)
  Dowan (D:4)
  8 killer bees (D:10)
  5 electric eels
  6 howler monkeys
  2 jellies
  2 quasits (D:7)
  3 hounds (D:7)
  14 orc priests
  An iron imp (D:11)
  Jessica (D:2)
  5 iguanas
  14 orc wizards
  10 hell rats
  3 centaur simulacra
  9 adders
  2 gnolls (Bailey)
  4 river rats (Lair:1)
  A shadow imp (D:8)
  5 white imps
  8 ufetubi
  A worm (D:3)
  3 dart slugs
  61 orcs
  11 ball pythons
  5 bats
  3 endoplasms
  4 giant cockroaches
  3 goblins
  A hobgoblin (D:1)
  7 jackals
  3 quokkas
  3 frilled lizards
  21 kobolds
  9 rats
687 creatures vanquished.

Vanquished Creatures (collateral kills)
  2 orc warriors
2 creatures vanquished.

Grand Total: 689 creatures vanquished

Notes
Turn   | Place    | Note
-------+----------+-------------------------------------------
     0 | D:1      | Foic the Troll Berserker began the quest for the Orb.
     0 | D:1      | Reached XP level 1. HP: 22/22 MP: 0/0
    77 | D:1      | Reached XP level 2. HP: 29/29 MP: 1/1
   314 | D:1      | Reached ** piety under Trog
   360 | D:1      | Reached XP level 3. HP: 35/36 MP: 2/2
   532 | D:2      | You fall into a shaft and drop 1 floor!
   558 | D:3      | Found a stormy altar of Qazlal.
   698 | D:3      | Found a blossoming altar of Fedhas.
   765 | D:3      | Identified the +0 rapier of Wamih {pain, rF- rC+ Int+3
                  | Stlth+}
   781 | D:3      | Reached XP level 4. HP: 44/44 MP: 3/3
   831 | D:2      | Found a faded altar of an unknown god.
   846 | D:2      | Found a hazy altar of Hepliaklqana.
   893 | D:2      | Noticed Jessica
   900 | D:2      | Killed Jessica
   901 | D:2      | Reached skill level 4 in Unarmed Combat
  1338 | D:3      | Reached XP level 5. HP: 46/53 MP: 4/4
  1849 | D:4      | Noticed Duvessa
  1849 | D:4      | Noticed Dowan
  1858 | D:4      | Killed Duvessa
  1879 | D:4      | Killed Dowan
  1880 | D:4      | Reached skill level 5 in Unarmed Combat
  1880 | D:4      | Reached XP level 6. HP: 9/61 MP: 5/5
  2105 | D:4      | Noticed an ice beast
  2118 | D:4      | Killed an ice beast
  2229 | D:4      | Reached *** piety under Trog
  2587 | D:5      | Entered Level 5 of the Dungeon
  2681 | D:5      | Reached skill level 1 in Throwing
  2681 | D:5      | Reached XP level 7. HP: 63/67 MP: 6/6
  2687 | D:5      | Reached skill level 6 in Unarmed Combat
  2874 | D:5      | Noticed Sigmund
  2886 | D:5      | Killed Sigmund
  3298 | D:6      | Reached skill level 5 in Dodging
  3323 | D:6      | Reached XP level 8. HP: 55/75 MP: 7/7
  3327 | D:6      | Reached skill level 7 in Unarmed Combat
  3501 | D:6      | Noticed a two-headed ogre
  3514 | D:6      | Found a runed translucent gate.
  3514 | D:6      | Found a runed translucent gate.
  3514 | D:6      | Found a runed translucent gate.
  3624 | D:6      | Killed a two-headed ogre
  3625 | D:6      | Reached skill level 8 in Unarmed Combat
  3625 | D:6      | Reached XP level 9. HP: 43/83 MP: 8/8
  3718 | D:6      | Found a glowing silver altar of Zin.
  3783 | D:6      | Found a white marble altar of Elyvilon.
  3789 | D:6      | Found a radiant altar of Vehumet.
  3823 | D:6      | Noticed Jarnaxa's ghost (novice DsMo)
  4127 | D:7      | Noticed Pikel
  4140 | D:7      | Killed Pikel
  4141 | D:7      | Reached skill level 5 in Throwing
  4141 | D:7      | Reached skill level 9 in Unarmed Combat
  4212 | D:7      | Identified the +2 pair of gloves "Zasimnuh" {Harm rPois
                  | Will+ Stlth+}
  4309 | D:7      | Identified the +1 leather armour of Apathy {Rampage Will-
                  | rCorr Int+7}
  4397 | D:7      | Found a staircase to the Ecumenical Temple.
  4573 | Temple   | Entered the Ecumenical Temple
  5235 | D:8      | Noticed Grum
  5323 | D:8      | Killed Grum
  5447 | D:8      | Found a bloodstained altar of Trog.
  5532 | D:8      | Found Latihay's General Store.
  5548 | D:8      | Reached XP level 10. HP: 92/92 MP: 9/9
  5617 | D:8      | Reached **** piety under Trog
  5802 | D:8      | Reached skill level 10 in Unarmed Combat
  6301 | D:9      | Noticed a two-headed ogre
  6310 | D:9      | Killed a two-headed ogre
  6687 | D:10     | Entered Level 10 of the Dungeon
  6717 | D:10     | Found Uroful's Antique Armour Emporium.
  6724 | D:10     | Found a staircase to the Lair.
  6735 | D:10     | Found a flagged portal.
  6744 | Bailey   | Entered a bailey
  6788 | Bailey   | Reached skill level 11 in Unarmed Combat
  6983 | Bailey   | Noticed a vault guard
  6996 | Bailey   | Killed a vault guard
  6997 | Bailey   | Reached XP level 11. HP: 84/100 MP: 10/10
  7025 | Bailey   | Noticed Prince Ribbit
  7025 | Bailey   | Noticed a vault guard
  7041 | Bailey   | Killed a vault guard
  7042 | Bailey   | Killed Prince Ribbit
  7204 | D:10     | Reached ***** piety under Trog
  7322 | D:10     | Noticed a two-headed ogre
  7340 | D:10     | Killed a two-headed ogre
  7341 | D:10     | Reached skill level 12 in Unarmed Combat
  7491 | D:10     | Noticed a centaur warrior
  7496 | D:10     | Found a transporter.
  7498 | D:10     | Noticed a two-headed ogre
  7716 | D:10     | Noticed hofbold's ghost (journeyman MiHu)
  7731 | D:10     | Found a transporter.
  7985 | Lair:1   | Entered Level 1 of the Lair of Beasts
  8079 | Lair:1   | Noticed a skyshark
  8091 | Lair:1   | Killed a skyshark
  8199 | D:11     | Noticed a boulder beetle
  8501 | Lair:1   | Reached skill level 10 in Dodging
  9035 | Lair:1   | Reached skill level 13 in Unarmed Combat
  9239 | Lair:1   | Reached XP level 12. HP: 90/106 MP: 11/11
  9870 | Lair:2   | Reached skill level 5 in Fighting
 10890 | Lair:3   | Reached skill level 14 in Unarmed Combat
 10929 | Lair:3   | Found a staircase to the Snake Pit.
 11088 | Lair:3   | Identified 3 scrolls of acquirement
 11105 | Lair:3   | Acquired a manual of Fighting
 11252 | Lair:3   | Found a burning altar of Makhleb.
 11498 | Lair:3   | Identified the +3 hat of the Harp {Fly rPois MP+9}
 11689 | Lair:3   | Found a staircase to the Shoals.
 12295 | D:10     | Reached skill level 15 in Unarmed Combat
 12356 | D:11     | Killed a boulder beetle
 12451 | D:11     | Found a snail-covered altar of Cheibriados.
 12495 | D:11     | Noticed a two-headed ogre
 12501 | D:11     | Killed a two-headed ogre
 12959 | D:11     | Reached skill level 16 in Unarmed Combat
 13358 | D:12     | Noticed a two-headed ogre
 13360 | D:12     | Killed a two-headed ogre
 13361 | D:12     | Reached XP level 13. HP: 119/119 MP: 12/12
 13440 | D:12     | Noticed Frances
 13549 | D:12     | Killed Frances
 13550 | D:12     | Reached skill level 17 in Unarmed Combat
 13598 | D:12     | Found a staircase to the Orcish Mines.
 14069 | Orc:1    | Entered Level 1 of the Orcish Mines
 14412 | Orc:2    | Entered Level 2 of the Orcish Mines
 14463 | Orc:2    | Received a gift from Trog
 14465 | Orc:2    | Found a staircase to the Elven Halls.
 14552 | Orc:2    | Noticed an orc warlord
 14565 | Orc:2    | Killed an orc warlord
 14575 | Orc:2    | Reached skill level 18 in Unarmed Combat
 14631 | Orc:2    | Reached skill level 1 in Armour
 14658 | Orc:2    | Noticed Blork the orc
 14808 | Orc:2    | Killed Blork the orc
 14938 | Orc:2    | Found Fuufealuti's Antique Armour Shop.
 14971 | Orc:2    | Found Tydirim's Book Shop.
 14990 | Orc:2    | Found Ytwi's Armour Emporium.
 15053 | Orc:2    | Found Iseid's Antique Weapon Shop.
 15069 | Orc:2    | Found Pukhly's General Store.
 15110 | Orc:2    | Bought a pair of glowing boots for 255 gold pieces
 15459 | Orc:1    | Paralysed by an orc sorcerer for 3 turns
 15495 | Orc:1    | Noticed an orc warlord
 15522 | Orc:2    | Killed an orc warlord
 15947 | D:6      | Killed Jarnaxa's ghost
 16204 | D:13     | Noticed Rupert
 16213 | D:13     | Killed Rupert
 16362 | D:13     | Reached XP level 14. HP: 131/131 MP: 13/13
 16846 | D:13     | Reached skill level 19 in Unarmed Combat
 16979 | D:13     | Found a gate to the Vaults.
 18097 | Lair:4   | Received a gift from Trog
 18188 | Lair:4   | Found a runed translucent door.
 18191 | Lair:4   | Found a staircase to the Slime Pits.
 18204 | Slime:1  | Entered Level 1 of the Pits of Slime
 18204 | Slime:1  | Noticed a quicksilver ooze
 18211 | Slime:1  | Killed a quicksilver ooze
 18213 | Slime:1  | Noticed a rockslime
 18334 | Lair:5   | Entered Level 5 of the Lair of Beasts
 18935 | Lair:5   | Gained mutation: You are vulnerable to heat. (rF-) [potion
                  | of mutation]
 18935 | Lair:5   | Gained mutation: You occasionally lose the ability to drink
                  | potions when taking damage. [potion of mutation]
 18935 | Lair:5   | Gained mutation: You occasionally shout uncontrollably at
                  | your foes. [potion of mutation]
 18935 | Lair:5   | Gained mutation: You are partially covered in iridescent
                  | scales. (AC +2) [potion of mutation]
 18936 | Lair:5   | Lost mutation: You are partially covered in iridescent
                  | scales. (AC +2) [potion of mutation]
 18936 | Lair:5   | Lost mutation: You occasionally shout uncontrollably at
                  | your foes. [potion of mutation]
 18936 | Lair:5   | Gained mutation: You are clumsy. (Dex -2) [potion of
                  | mutation]
 18936 | Lair:5   | Lost mutation: You are clumsy. (Dex -2) [potion of
                  | mutation]
 18937 | Lair:5   | Lost mutation: You occasionally lose the ability to drink
                  | potions when taking damage. [potion of mutation]
 18937 | Lair:5   | Lost mutation: You are vulnerable to heat. (rF-) [potion of
                  | mutation]
 18937 | Lair:5   | Gained mutation: You have a somewhat thin skeletal
                  | structure. (Dex +2, Stealth+) [potion of mutation]
 18937 | Lair:5   | Gained mutation: You are partially covered in iridescent
                  | scales. (AC +2) [potion of mutation]
 19128 | Lair:5   | Reached skill level 20 in Unarmed Combat
 20315 | D:14     | Reached XP level 15. HP: 140/140 MP: 14/14
 20478 | D:14     | Received a gift from Trog
 21071 | D:14     | Noticed Josephine
 21197 | D:14     | Killed Josephine
 21333 | D:14     | Paralysed by a floating eye for 4 turns
 21451 | D:14     | Noticed Snorg
 21457 | D:14     | Killed Snorg
 21763 | D:14     | Identified Roxanne's Secrets of the Ground
 21763 | D:14     | Noticed Roxanne
 22214 | Snake:1  | Entered Level 1 of the Snake Pit
 22429 | Snake:1  | Received a gift from Trog
 22486 | Snake:1  | Reached skill level 21 in Unarmed Combat
 22850 | Snake:1  | Found Baniammepai's Antique Weapon Emporium.
 22997 | Snake:1  | Found Bejo's Mayhem Merchandise.
 23482 | Snake:2  | Identified the +5 dagger "Nixaraff" {spect, rC+ Dex+3}
 23570 | Snake:1  | Reached XP level 16. HP: 100/152 MP: 15/15
 23655 | Snake:2  | Received a gift from Trog
 23658 | Snake:2  | HP: 11/228 [salamander/+3 halberd of distortion (15)]
 23658 | Snake:2  | Slain by a salamander

Illustrated notes

Levels and vault maps discovered:
D:1:      erik_arrival_orb_chamber, layout_rooms
D:2:      layout_loops_ring, basic_altar, shapermc_ecumenical_altar_venn,
          uniq_jessica
D:3:      layout_basic, lemuel_round_altar, mainiacjoe_overflow_catwalk
D:4:      layout_loops_ring, uniq_duvessa
D:5:      layout_basic, serial_bayou_pond_d, uniq_sigmund
D:6:      layout_rooms, mainiacjoe_overflow_concentric_impassable,
          amethyst_overflow_temple_binary, gammafunk_ghost_icy
D:7:      layout_loops_ring, minmay_temple_entry_hall, serial_demonic,
          serial_demonic_d, serial_demonic_b, serial_demonic_f,
          serial_demonic_g, uniq_pikel
D:8:      layout_basic, trog_three_pillars_becter, serial_curves,
          eino_curves_02, eino_curves_04, serial_shops, shop,
          chequers_big_river, grunt_livestock, uniq_grum
D:9:      layout_roguey
D:10:     layout_cave_pods, lair_entry_dummy, serial_shops, shop,
          enter_bailey_6, nzn_ghost_randoct, nicolae_titane
D:11:     layout_cave_pods, slow_altar_1
D:12:     layout_loops_ring, erik_orc_4, uniq_frances
D:13:     layout_gridville, grunt_vaults_entry_tiered, uniq_rupert
D:14:     layout_big_octagon, kennysheep_decorative_pillar, onia_ninara_cookie,
          uniq_snorg, uniq_josephine, uniq_roxanne
Temple:   compressed_dpeg_triangle_lava_temple
Lair:1:   layout_hall_layers, minivault_26, serial_bayou_ford_a,
          minmay_stone_trees_medium, kennysheep_abandoned_house
Lair:2:   layout_layer_cave, st_stairs_13
Lair:3:   layout_cave_pods, elwin_shoals_entry_rooms,
          guppyfry_snake_entry_garden, basic_altar,
          nicolae_quartered_pool_impasse
Lair:4:   layout_cave_pods, slime_entry_2, minivault_26
Lair:5:   minmay_lair_end_enchanted_forest, layout_gridlike, grunt_megastairs_4
Snake:1:  cheibrodos_forgotten_conduit, layout_grid_shapes, serial_shops,
          nicolae_shop_overgrown_old_shop, nicolae_snake_flat_spine,
          grunt_ministairs_1, st_stairs_5, minmay_shop_mayhem,
          serial_bayou_pond_e
Snake:2:  layout_rooms, st_stairs_8, lemuel_fruit_tree, minmay_shop_star
Slime:1:  layout_caves
Orc:1:    layout_diamond_mine
Orc:2:    grunt_orc_cross, layout_caves, serial_shops, nicolae_shop_stone

Skill      XL: |  1  2  3  4  5  6  7  8  9 10 11 12 13 14 15 |
---------------+----------------------------------------------+-----
Dodging        | 3 4 5 6 7 9 10 11 12 13 14 | 14.0
Unarmed Combat | 4 5 6 8 9 11 13 16 18 20 21 | 21.6
Fighting       | 3 4 5 6 7 8 |  8.2
Throwing       | 1 2 4 5 6 8 9 |  9.7
Armour         | 2 3 4 |  4.4

Action                     |  1- 3 |  4- 6 |  7- 9 | 10-12 | 13-15 | 16-18 || total
---------------------------+-------+-------+-------+-------+-------+-------++-------
  Melee: Unarmed           |    99 |   104 |   176 |   485 |  1049 |    13 ||  1926
         Punch             |     2 |     1 |    10 |    35 |   101 |     1 ||   150
  Throw: Stone             |       |    16 |     7 |    26 |    79 |       ||   128
         Dart              |       |     7 |    27 |    31 |       |       ||    65
         Boomerang         |       |    15 |    14 |    41 |    49 |     7 ||   126
         Javelin           |       |       |       |     2 |       |       ||     2
         Large rock        |       |       |       |       |    18 |       ||    18
 Invoke: Berserk           |       |     1 |     1 |    13 |     8 |     1 ||    24
         Trog's Hand       |       |     1 |     1 |     2 |     5 |     1 ||    10
         Brothers in Arms  |       |       |       |       |     3 |       ||     3
  Evoke: Wand              |       |       |     9 |       |       |       ||     9
         Lightning rod     |       |       |       |       |     2 |       ||     2
    Use: Potion            |       |     1 |       |       |    17 |       ||    18
         Scroll            |       |       |       |     8 |     7 |       ||    15
   Stab: Invisible         |       |     2 |     2 |       |     1 |       ||     5
         Sleeping          |       |     1 |       |     2 |     6 |       ||     9
         Distracted        |       |       |       |     1 |     3 |       ||     4
 Armour: Animal skin       |    38 |    20 |    51 |    65 |    13 |       ||   187
         Troll leather arm |       |       |       |       |   234 |     5 ||   239
  Dodge: Dodged            |    50 |    51 |   154 |   321 |   743 |    14 ||  1333
